 Dungeon Crawl Stone Soup version 0.30.1-3-gfc49f6343a (webtiles) character file.

Game seed: 1253659486088011762

199 booth the Ducker (level 6, -2/40 HPs)
             Began as a Djinni Fire Elementalist on July 27, 2023.
             Slain by a gnoll
             ... wielding a +0 spear
             ... led by a gnoll bouda
              (10 damage)
             ... on level 4 of the Dungeon.
             The game lasted 00:14:29 (2915 turns).

booth the Ducker (Djinni Fire Elementalist)         Turns: 2915, Time: 00:14:29

Health: -2/40      AC:  2    Str: 11    XL:     6   Next: 6%
Gold:   107        EV: 13    Int: 18    God:
                   SH:  0    Dex: 12

rFire   + + .        j - +1 dagger
rCold   x . .        (no shield)
rNeg    + . .        a - +0 robe
rPois   ∞            (no helmet)
rElec   .            (no cloak)
rCorr   .            (no gloves)
SInv    .            (boots unavailable)
Will    .....        (no amulet)
Stlth   ++           b - +4 ring of slaying
HPRegen 0.26/turn    f - ring of positive energy
MPRegen 0.00/turn

%: infuse magic (-3 HP)
@: flying
A: sickness immunity, fire resistance 2, cold vulnerability 1, float, innate
caster, HP casting, extra vitality 1, mutation resistance 1, strong 1
a: no special abilities


You were on level 4 of the Dungeon.
You visited 1 branch of the dungeon, and saw 4 of its levels.

You collected 173 gold pieces.
You spent 66 gold pieces at shops.

Inventory:

Hand Weapons
 j - a +1 dagger (weapon)
Missiles
 i - 10 poisoned darts (quivered)
 n - 4 atropa-tipped darts
Armour
 a - a +0 robe (worn)
Jewellery
 b - a +4 ring of slaying (left hand)
 f - a ring of positive energy (right hand)
Wands
 k - a wand of digging (8)
Potions
 c - a potion of lignification
 e - a potion of ambrosia
 g - a potion of brilliance {unknown}
 h - a potion of berserk rage
 l - 6 potions of curing
 m - 2 potions of degeneration {unknown}


   Skills:
 + Level 4.1 Dodging
 + Level 3.1 Stealth
 + Level 3.4 Spellcasting


You knew the following spells:

 Your Spells              Type           Power      Damage    Failure   Level
a - Foxfire               Conj/Fire      60%        2x1d7     3%          1
b - Scorch                Fire           30%        2d6       6%          2
c - Volatile Blastmotes   Fire/Tloc      30%        2d12      12%         3
d - Inner Flame           Hex/Fire       15%        N/A       12%         3
e - Flame Wave            Conj/Fire      15%        2d7       36%         4
f - Beastly Appendage     Tmut           30%        N/A       3%          1
g - Wereblood             Tmut           15%        N/A       6%          2
Your spell library was empty.

Dungeon Overview and Level Annotations

Branches:
Dungeon (4/15)
 Temple: D:4-7

Altars:

Shops:
D:2 ?


Innate Abilities, Weirdness & Mutations

You are immune to sickness and miasma.
You are immune to poison.
Your flesh is very heat resistant. (rF++)
You are vulnerable to cold. (rC-)
You float through the air rather than walking.
You learn spells naturally, not from books.
Your magical power is your life essence.
You have superior vitality. (+4 MHP)
You are somewhat resistant to further mutation.
Your muscles are strong. (Str +4, Int/Dex -1)


Message History

Aim: a gnoll, wielding a +0 spear (covering ground quickly, chance to affect: 76%)
The gnoll is filled with an inner flame.
The cloud of blastmotes explodes!
The concussive blast engulfs the gnoll!
The gnoll is almost dead.
The concussive blast engulfs you. You resist.
The concussive blast engulfs the gnoll.
Flame seeps out of the gnoll.
The gnoll is moderately wounded.
The gnoll is knocked back by the blast.
You hear a shout!
You hit the gnoll.
The gnoll is almost dead.
The gnoll misses you. The gnoll barely misses you.
Casting: Inner Flame (dangerous; 12% risk of failure)
Confirm with . or Enter, or press ? or * to list all spells.
Flames lash the gnoll.
The gnoll is moderately wounded.
The gnoll's fire resistance burns away.
The gnoll barely misses you. x2
Casting: Scorch (safe; 6% risk of failure)
Confirm with . or Enter, or press ? or * to list all spells.
Flames lash the gnoll.
The gnoll is burned terribly!
The gnoll is almost dead.
The gnoll hits you with a +0 flail.
The gnoll hits you from afar with a +0 spear!
The gnoll hits you from afar with a +0 halberd!
* * * LOW HITPOINT WARNING * * *
Casting: Scorch (safe; 6% risk of failure)
Confirm with . or Enter, or press ? or * to list all spells.
Flames lash the gnoll.
You kill the gnoll!
* * * LOW HITPOINT WARNING * * *
The gnoll closely misses you. The gnoll misses you.
Casting: Scorch (safe; 6% risk of failure)
Confirm with . or Enter, or press ? or * to list all spells.
Flames lash the gnoll bouda.
The gnoll bouda is lightly wounded.
The gnoll bouda's fire resistance burns away.
* * * LOW HITPOINT WARNING * * *
The gnoll misses you.
The gnoll hits you from afar with a +0 spear!
You die...

### #@# #g#
#.ggg.#
#.#!.g...
#.#.......#
# #!......#
#.#.#####
.....
#.#.##


You could see a gnoll bouda (combustible) and 4 gnolls.

Vanquished Creatures
  An ice beast (D:3)
  A gnoll (D:4)
  2 adders
  2 worms (D:2)
  5 dart slugs
  An orc (D:3)
  7 endoplasms
  2 giant cockroaches
  6 goblins
  8 hobgoblins
  3 quokkas (D:2)
  9 bats
  4 frilled lizards
  3 kobolds
  9 rats
63 creatures vanquished.

Vanquished Creatures (collateral kills)
  A foxfire (D:1)
1 creature vanquished.

Vanquished Creatures (others)
  95 foxfires
95 creatures vanquished.

Grand Total: 159 creatures vanquished

Notes
Turn   | Place    | Note
-------+----------+-------------------------------------------
     0 | D:1      | booth the Djinni Fire Elementalist began the quest for the
                  | Orb.
     0 | D:1      | booth set off with the following spells memorised: Foxfire,
                  | Scorch, Volatile Blastmotes, Inner Flame, Flame Wave.
     0 | D:1      | Reached XP level 1. HP: 15/15 MP: 0/0
   144 | D:1      | Found a faded altar of an unknown god.
   180 | D:1      | Reached XP level 2. HP: 13/21 MP: 0/0
   562 | D:1      | Reached XP level 3. HP: 25/25 MP: 0/0
   562 | D:1      | Learned a level 1 spell: Beastly Appendage
  1160 | D:1      | Gained mutation: You are somewhat resistant to further
                  | mutation. [potion of mutation]
  1160 | D:1      | Gained mutation: Your muscles are strong. (Str +4, Int/Dex
                  | -1) [potion of mutation]
  1225 | D:2      | Found Mehiak's Magic Scroll Shop.
  1236 | D:2      | Bought a scroll of identify for 22 gold pieces
  1236 | D:2      | Bought a scroll of identify for 22 gold pieces
  1236 | D:2      | Bought a scroll of identify for 22 gold pieces
  1240 | D:2      | Reached skill level 3 in Dodging
  1321 | D:2      | Reached XP level 4. HP: 19/31 MP: 0/0
  2340 | D:3      | Noticed an ice beast
  2635 | D:3      | Killed an ice beast
  2636 | D:3      | Reached skill level 4 in Dodging
  2636 | D:3      | Reached XP level 5. HP: 10/35 MP: 0/0
  2636 | D:3      | Learned a level 2 spell: Wereblood
  2790 | D:3      | Reached XP level 6. HP: 39/40 MP: 0/0
  2915 | D:4      | Slain by a gnoll

Illustrated notes

Levels and vault maps discovered:
D:1:      lightli_arrival_statue_moat, layout_basic, basic_ecumenical_altar,
          glass_columns_a, dreamdust_mushroom_princess
D:2:      layout_basic, serial_shops, shop, minmay_joined_circles
D:3:      layout_loops_ring
D:4:      layout_basic, uniq_duvessa, uniq_blork_the_orc

Skill      XL: |  1  2  3  4 |
---------------+-------------+-----
Stealth        | 2 3 |  3.1
Dodging        | 3 4 |  4.1
Spellcasting   | 3 |  3.4

Action                     |  1- 3 |  4- 6 || total
---------------------------+-------+-------++-------
  Melee: Unarmed           |    10 |       ||    10
         Dagger            |    17 |    27 ||    44
   Cast: Foxfire           |    34 |    22 ||    56
         Scorch            |     1 |    11 ||    12
         Inner Flame       |       |     1 ||     1
         Volatile Blastmot |       |     1 ||     1
    Use: Scroll            |     5 |     4 ||     9
         Potion            |     3 |     1 ||     4
   Stab: Sleeping          |       |     3 ||     3
 Armour: Robe              |     5 |     4 ||     9
  Dodge: Dodged            |    15 |    20 ||    35
